| TOP OF THE 1ST |
|
Syracuse Chiefs batting - Pitching for Columbus Clippers : RHP Javier Villanueva
|
|
Pitching: RHP Javier Villanueva
|
|
|
Batting: RHB LaRue Washington
|
0-0: Ball 1-0: Foul Ball, location: 2F 1-1: DOUBLE (Flyball, 89XD, EV 97.5 MPH)
|
|
Batting: LHB Paul O'Neill
|
0-0: Foul Ball, location: 2F 0-1: Swinging Strike 0-2: Strikes out swinging
|
|
Batting: RHB Hubie Brooks
|
0-0: Fly out, F9 (Flyball, 89S, EV 86.3 MPH)
|
|
Batting: LHB Darryl Strawberry
|
0-0: Ball 1-0: Called Strike 1-1: Swinging Strike 1-2: Foul Ball, location: 2F 1-2: DOUBLE (Line Drive, 8RXD, EV 109.4 MPH) LaRue Washington scores
|
|
Batting: RHB Phil Garner
|
0-0: Ball 1-0: Ball 2-0: Ball 3-0: Called Strike 3-1: Foul Ball, location: 2F 3-2: Fly out, F9 (Flyball, 9, EV 87.5 MPH)
|
| Top of the 1st over - 1 run, 2 hits, 0 errors, 1 left on base; Syracuse 1 - Columbus 0 |
| BOTTOM OF THE 1ST |
|
Columbus Clippers batting - Pitching for Syracuse Chiefs : RHP Mike Krukow
|
|
Pitching: RHP Mike Krukow
|
|
|
Batting: RHB Javier Leyva
|
0-0: Ball 1-0: Ground out 5-3 (Groundball, 5S, EV 88.8 MPH)
|
|
Batting: RHB Larry Bowie
|
0-0: Ball 1-0: Called Strike 1-1: Foul Ball, location: 2F 1-2: Foul Ball, location: 2F 1-2: Strikes out swinging
|
|
Batting: SHB Curt Wilkerson
|
0-0: Ground out U3 (Groundball, 34, EV 91.9 MPH)
|
| Bottom of the 1st over - 0 runs, 0 hits, 0 errors, 0 left on base; Syracuse 1 - Columbus 0 |
| TOP OF THE 2ND |
|
Syracuse Chiefs batting - Pitching for Columbus Clippers : RHP Javier Villanueva
|
|
Batting: RHB Bobby Grich
|
0-0: Fly out, F9 (Flyball, 89D, EV 98.8 MPH)
|
|
Batting: LHB Danny Goodwin
|
0-0: Ball 1-0: Foul Ball, location: 2F 1-1: Ball 2-1: Called Strike 2-2: SOLO HOME RUN (Flyball, 89XD, EV 99.4 MPH), Distance : 408 ft
|
|
Batting: RHB Brian Asselstine
|
0-0: Foul Ball, location: 2F 0-1: Ball 1-1: Ball 2-1: Swinging Strike 2-2: Ball 3-2: Fly out, F6 (Line Drive, 6, EV 69.4 MPH)
|
|
Batting: SHB Larry Lintz
|
0-0: Ball 1-0: Ball 2-0: Ball 3-0: Base on Balls
|
|
Batting: RHB LaRue Washington
|
0-0: Ball 1-0: Ball 2-0: Called Strike 2-1: Fly out, F9 (Flyball, 9LM, EV 78.8 MPH)
|
| Top of the 2nd over - 1 run, 1 hit, 0 errors, 1 left on base; Syracuse 2 - Columbus 0 |
| BOTTOM OF THE 2ND |
|
Columbus Clippers batting - Pitching for Syracuse Chiefs : RHP Mike Krukow
|
|
Batting: LHB Barry Butera
|
0-0: Ball 1-0: DOUBLE (Groundball, 3L, EV 97.5 MPH)
|
|
Batting: LHB Elijah Bonaparte
|
0-0: Ball 1-0: Ball 2-0: Swinging Strike 2-1: Fly out, F6 (Line Drive, 6, EV 61.9 MPH)
|
|
Batting: LHB Gene Gentile
|
0-0: Ball 1-0: SINGLE (Groundball, 6MD, EV 103.8 MPH) Barry Butera to third Runner from 3rd tries for Home, SAFE, throw by CF to home
|
|
Batting: LHB Jordan Medrano
|
0-0: Ball 1-0: Called Strike 1-1: Hit by Pitch Gene Gentile to second
|
|
Batting: RHB Tracy Anderson
|
0-0: Ball Jordan Medrano is caught stealing 2nd base 2-4 Gene Gentile steals 3rd base 1-0: Foul Ball, location: 2F 1-1: Ground out 2-3 (Groundball, 2L, EV 63.8 MPH)
|
| Bottom of the 2nd over - 1 run, 2 hits, 0 errors, 1 left on base; Syracuse 2 - Columbus 1 |
| TOP OF THE 3RD |
|
Syracuse Chiefs batting - Pitching for Columbus Clippers : RHP Javier Villanueva
|
|
Batting: LHB Paul O'Neill
|
0-0: Swinging Strike 0-1: Foul Ball, location: 2F 0-2: Foul Ball, location: 2F 0-2: Ball 1-2: Strikes out swinging
|
|
Batting: RHB Hubie Brooks
|
0-0: Called Strike 0-1: SINGLE (Groundball, 4MD, EV 106.9 MPH)
|
|
Batting: LHB Darryl Strawberry
|
0-0: Ball 1-0: Ball Hubie Brooks steals 2nd base 2-0: Ball 3-0: Base on Balls
|
|
Batting: RHB Phil Garner
|
0-0: Ball 1-0: Called Strike 1-1: Called Strike 1-2: Grounds into double play, 4-6-3 (Groundball, 4S, EV 90.0 MPH)
|
| Top of the 3rd over - 0 runs, 1 hit, 0 errors, 1 left on base; Syracuse 2 - Columbus 1 |
| BOTTOM OF THE 3RD |
|
Columbus Clippers batting - Pitching for Syracuse Chiefs : RHP Mike Krukow
|
|
Batting: RHB Alex Rodriguez
|
0-0: Called Strike 0-1: Ball 1-1: SINGLE (Groundball, 34D, EV 95.0 MPH)
|
|
Batting: RHB Javier Leyva
|
0-0: Foul Ball, location: 2F 0-1: TRIPLE (Line Drive, 89XD, EV 105.6 MPH) Alex Rodriguez scores
|
|
Batting: RHB Larry Bowie
|
0-0: Swinging Strike 0-1: Foul Ball, location: 2F 0-2: Ball 1-2: Strikes out swinging
|
|
Batting: SHB Curt Wilkerson
|
0-0: Ball 1-0: Ball 2-0: Called Strike 2-1: Ball 3-1: SINGLE (Groundball, 34S, EV 70.0 MPH) (infield hit)
|
|
Batting: LHB Barry Butera
|
0-0: Ball Curt Wilkerson is caught stealing 2nd base 2-6 1-0: Ball 2-0: Called Strike 2-1: Fly out, F6 (Flyball, 56D, EV 91.9 MPH)
|
| Bottom of the 3rd over - 1 run, 3 hits, 0 errors, 1 left on base; Syracuse 2 - Columbus 2 |
| TOP OF THE 4TH |
|
Syracuse Chiefs batting - Pitching for Columbus Clippers : RHP Javier Villanueva
|
|
Batting: RHB Bobby Grich
|
0-0: Ball 1-0: Ball 2-0: Ball 3-0: Called Strike 3-1: Called Strike 3-2: Fly out, F6 (Popup, P, EV 68.1 MPH)
|
|
Batting: LHB Danny Goodwin
|
0-0: Ball 1-0: Ball 2-0: Ball 3-0: Called Strike 3-1: Foul Ball, location: 2F 3-2: Foul Ball, location: 2F 3-2: Strikes out swinging
|
|
Batting: RHB Brian Asselstine
|
0-0: Ball 1-0: Fly out, F7 (Flyball, 78S, EV 83.8 MPH)
|
| Top of the 4th over - 0 runs, 0 hits, 0 errors, 0 left on base; Syracuse 2 - Columbus 2 |
| BOTTOM OF THE 4TH |
|
Columbus Clippers batting - Pitching for Syracuse Chiefs : RHP Mike Krukow
|
|
Batting: LHB Elijah Bonaparte
|
0-0: Called Strike 0-1: Swinging Strike 0-2: Ball 1-2: SINGLE (Line Drive, 6M, EV 98.1 MPH)
|
|
Batting: LHB Gene Gentile
|
0-0: Fielders Choice at 2nd, 3-6 (Groundball, 3, EV 83.1 MPH)
|
|
Batting: LHB Jordan Medrano
|
0-0: Ball 1-0: Called Strike 1-1: Fly out, F4 (Popup, 4, EV 68.8 MPH)
|
|
Batting: RHB Tracy Anderson
|
0-0: Ball 1-0: Called Strike 1-1: Ball 2-1: Foul Ball, location: 2F 2-2: Ball 3-2: Base on Balls Gene Gentile to second
|
|
Batting: RHB Alex Rodriguez
|
0-0: DOUBLE (Flyball, 89D, EV 100.6 MPH) Gene Gentile scores Tracy Anderson to third
|
|
Batting: RHB Javier Leyva
|
0-0: Ground out 6-3 (Groundball, 6, EV 101.9 MPH)
|
| Bottom of the 4th over - 1 run, 2 hits, 0 errors, 2 left on base; Syracuse 2 - Columbus 3 |
| TOP OF THE 5TH |
|
Syracuse Chiefs batting - Pitching for Columbus Clippers : RHP Javier Villanueva
|
|
Batting: SHB Larry Lintz
|
0-0: Ball 1-0: SINGLE (Line Drive, 9LS, EV 85.6 MPH)
|
|
Batting: RHB LaRue Washington
|
0-0: Called Strike 0-1: Ball 1-1: Ball 2-1: Ball 3-1: Base on Balls Larry Lintz to second
|
|
Batting: LHB Paul O'Neill
|
0-0: Ball 1-0: Called Strike 1-1: Foul Ball, location: 2F 1-2: Ball 2-2: Grounds into double play, 5-4-3 (Groundball, 56S, EV 85.0 MPH) Larry Lintz to third
|
|
Batting: RHB Hubie Brooks
|
0-0: Called Strike 0-1: Foul Ball, location: 2F 0-2: Ball 1-2: Strikes out looking
|
| Top of the 5th over - 0 runs, 1 hit, 0 errors, 1 left on base; Syracuse 2 - Columbus 3 |
| BOTTOM OF THE 5TH |
|
Columbus Clippers batting - Pitching for Syracuse Chiefs : RHP Mike Krukow
|
|
Batting: RHB Larry Bowie
|
0-0: Ball 1-0: Ball 2-0: Foul Ball, location: 2F 2-1: Ball 3-1: Ground out 4-3 (Groundball, 4M, EV 106.9 MPH)
|
|
Batting: SHB Curt Wilkerson
|
0-0: Ball 1-0: Ground out 4-3 (Groundball, 4, EV 85.6 MPH)
|
|
Batting: LHB Barry Butera
|
0-0: Swinging Strike 0-1: Fly out, F4 (Popup, 4MD, EV 73.8 MPH)
|
| Bottom of the 5th over - 0 runs, 0 hits, 0 errors, 0 left on base; Syracuse 2 - Columbus 3 |
| TOP OF THE 6TH |
|
Syracuse Chiefs batting - Pitching for Columbus Clippers : RHP Javier Villanueva
|
|
Batting: LHB Darryl Strawberry
|
0-0: Ball 1-0: Foul Ball, location: 2F 1-1: Fly out, F9 (Flyball, 9LM, EV 84.4 MPH)
|
|
Batting: RHB Phil Garner
|
0-0: Ball 1-0: Foul Ball, location: 2F 1-1: Swinging Strike 1-2: Strikes out swinging
|
|
Batting: RHB Bobby Grich
|
0-0: Called Strike 0-1: Swinging Strike 0-2: Ball 1-2: Strikes out swinging
|
| Top of the 6th over - 0 runs, 0 hits, 0 errors, 0 left on base; Syracuse 2 - Columbus 3 |
| BOTTOM OF THE 6TH |
|
Columbus Clippers batting - Pitching for Syracuse Chiefs : RHP Mike Krukow
|
|
Batting: LHB Elijah Bonaparte
|
0-0: Ball 1-0: Foul Ball, location: 2F 1-1: Swinging Strike 1-2: Foul Ball, location: 2F 1-2: Foul Ball, location: 2F 1-2: Ball 2-2: SINGLE (Groundball, 6S, EV 70.0 MPH) (infield hit)
|
|
Batting: LHB Gene Gentile
|
0-0: Ball Elijah Bonaparte steals 2nd base 1-0: Swinging Strike 1-1: SINGLE (Groundball, 23, EV 91.3 MPH) (infield hit) Elijah Bonaparte to third
|
|
Batting: LHB Jordan Medrano
|
0-0: Foul Ball, location: 2F 0-1: Ground out 4-3 (Groundball, 34, EV 103.1 MPH) Elijah Bonaparte scores Gene Gentile to second
|
|
Batting: RHB Tracy Anderson
|
0-0: Foul Ball, location: 2F 0-1: Ball 1-1: Foul Ball, location: 2F 1-2: Ball 2-2: Foul Ball, location: 2F 2-2: Ground out 4-3 (Groundball, 4, EV 105.6 MPH) Gene Gentile to third
|
|
Batting: RHB Alex Rodriguez
|
0-0: Ball 1-0: Ball 2-0: Ball 3-0: Base on Balls
|
|
Batting: RHB Javier Leyva
|
0-0: Fly out, F8 (Flyball, 89D, EV 96.9 MPH)
|
| Bottom of the 6th over - 1 run, 2 hits, 0 errors, 2 left on base; Syracuse 2 - Columbus 4 |
| TOP OF THE 7TH |
|
Syracuse Chiefs batting - Pitching for Columbus Clippers : RHP Javier Villanueva
|
|
Batting: LHB Danny Goodwin
|
0-0: Called Strike 0-1: Ball 1-1: Ground out 1-3 (Groundball, 13, EV 63.8 MPH)
|
|
Batting: RHB Brian Asselstine
|
0-0: Ground out 3-1 (Groundball, 34S, EV 88.8 MPH)
|
|
Batting: SHB Larry Lintz
|
0-0: Bunt missed! 0-1: Ball 1-1: Called Strike 1-2: Strikes out looking
|
| Top of the 7th over - 0 runs, 0 hits, 0 errors, 0 left on base; Syracuse 2 - Columbus 4 |
| BOTTOM OF THE 7TH |
|
Columbus Clippers batting - Pitching for Syracuse Chiefs : RHP Mike Krukow
|
|
Batting: RHB Larry Bowie
|
0-0: Ball 1-0: Called Strike 1-1: Swinging Strike 1-2: Strikes out swinging
|
|
Batting: SHB Curt Wilkerson
|
0-0: Called Strike 0-1: Called Strike 0-2: Foul Ball, location: 2F 0-2: Ball 1-2: Foul Ball, location: 2F 1-2: Ball 2-2: Ball 3-2: Strikes out swinging
|
|
Batting: LHB Barry Butera
|
0-0: Ball 1-0: Ball 2-0: Called Strike 2-1: Called Strike 2-2: Ball 3-2: Foul Ball, location: 2F 3-2: Ground out 4-3 (Groundball, 4, EV 81.3 MPH)
|
| Bottom of the 7th over - 0 runs, 0 hits, 0 errors, 0 left on base; Syracuse 2 - Columbus 4 |
| TOP OF THE 8TH |
|
Syracuse Chiefs batting - Pitching for Columbus Clippers : RHP Javier Villanueva
|
|
Pitching: RHP Joseph Georger
|
|
|
Batting: RHB LaRue Washington
|
0-0: Ball 1-0: Ground out 4-3 (Groundball, 4, EV 98.1 MPH)
|
|
Batting: LHB Paul O'Neill
|
0-0: Called Strike 0-1: Swinging Strike 0-2: Strikes out swinging, 2-3 out at first.
|
|
Batting: RHB Hubie Brooks
|
0-0: Ball 1-0: Ball 2-0: Ground out 5-3 (Groundball, 56, EV 84.4 MPH)
|
| Top of the 8th over - 0 runs, 0 hits, 0 errors, 0 left on base; Syracuse 2 - Columbus 4 |
| BOTTOM OF THE 8TH |
|
Columbus Clippers batting - Pitching for Syracuse Chiefs : RHP Mike Krukow
|
|
Batting: LHB Elijah Bonaparte
|
0-0: SINGLE (Groundball, 56D, EV 98.1 MPH)
|
|
Batting: LHB Gene Gentile
|
0-0: Ball 1-0: Ball 2-0: 2-RUN HOME RUN (Line Drive, 7LD, EV 99.4 MPH), Distance : 344 ft
|
|
Pitching: RHP Stephen Szorc
|
|
|
Batting: LHB Jordan Medrano
|
0-0: Ball 1-0: Ball 2-0: Foul Ball, location: 2F 2-1: Fly out, F4 (Flyball, 34D, EV 88.1 MPH)
|
|
Batting: RHB Tracy Anderson
|
0-0: Called Strike 0-1: Called Strike 0-2: Foul Ball, location: 2F 0-2: Ball 1-2: SINGLE (Groundball, 3S, EV 99.4 MPH)
|
|
Batting: RHB Alex Rodriguez
|
0-0: Ball 1-0: Called Strike 1-1: Swinging Strike 1-2: Foul Ball, location: 2F 1-2: Ball 2-2: Ball 3-2: Ground out 6-3 (Groundball, 56, EV 106.9 MPH) Tracy Anderson to second
|
|
Batting: RHB Javier Leyva
|
0-0: Called Strike 0-1: Foul Ball, location: 2F 0-2: Fly out, F6 (Line Drive, 6, EV 63.1 MPH)
|
| Bottom of the 8th over - 2 runs, 3 hits, 0 errors, 1 left on base; Syracuse 2 - Columbus 6 |
| TOP OF THE 9TH |
|
Syracuse Chiefs batting - Pitching for Columbus Clippers : RHP Joseph Georger
|
|
Pitching: RHP Mark C Smith
|
|
|
Batting: LHB Darryl Strawberry
|
0-0: Ball 1-0: Foul Ball, location: 2F 1-1: Ground out U3 (Groundball, 34, EV 84.4 MPH)
|
|
Batting: RHB Phil Garner
|
0-0: Called Strike 0-1: Foul Ball, location: 2F 0-2: Fly out, F6 (Flyball, 56D, EV 76.3 MPH)
|
|
Batting: RHB Bobby Grich
|
0-0: Ball 1-0: Foul Ball, location: 2F 1-1: Ball 2-1: Ball 3-1: Called Strike 3-2: Foul Ball, location: 2F 3-2: Base on Balls
|
|
Batting: LHB Danny Goodwin
|
0-0: Ball 1-0: Foul Ball, location: 2F 1-1: Swinging Strike 1-2: Strikes out swinging
|
| Top of the 9th over - 0 runs, 0 hits, 0 errors, 1 left on base; Syracuse 2 - Columbus 6 |
|